 Dungeon Sprint DCSS version 0.21-a0-225-g207ae17 (webtiles) character file.

1384 Kidiri the Thaumaturge (level 8, -27/48 HPs)
             Began as a Deep Elf Fire Elementalist on Aug 28, 2017.
             Was a High Priest of Vehumet.
             Annihilated by a vampire knight
             ... wielding a +0 long sword
              (28 damage)
             ... in the Dungeon (Sprint VII: "The Pits").
             The game lasted 00:07:16 (1732 turns).

Kidiri the Thaumaturge (Deep Elf Fire Elementalist) Turns: 1732, Time: 00:07:16

Health: -27/48     AC:  3    Str:  5    XL:     8   Next: 40%
Magic:  4/26       EV: 18    Int: 30    God:    Vehumet [*****.]
Gold:   0          SH:  0    Dex: 15    Spells: 7/32 levels left

rFire    . . .     SeeInvis .   x - +2 halberd of Kismet {protect, *Corrode rPois rN+++ Int+4}
rCold    . . .     Gourm    .   (shield currently unavailable)
rNeg     + + +     Faith    .   r - +3 leather armour
rPois    +         Spirit   .   (no helmet)
rElec    .         Reflect  .   w - +0 cloak
rCorr    .         Harm     .   (no gloves)
MR       .....     NoTele   +   (no boots)
Stlth    ++........             (no amulet)
HPRegen  0.16/turn              q - +3 ring of intelligence
MPRegen  0.20/turn              s - +3 ring of evasion

@: corroded
A: no striking features
a: Renounce Religion


You were in the Dungeon.
You worshipped Vehumet.
Vehumet was extremely pleased with you.
You were completely stuffed.

You visited 1 branch

Inventory:

Hand Weapons
 i - a +2 dagger of draining
 j - a +2 dagger of holy wrath
 x - the +2 halberd of Kismet (weapon) {protect, *Corrode rPois rN+++ Int+4}
   (You found it in the Dungeon)

   It protects the one who uses it against injury (+AC on strike).
   It affects your intelligence (+4).
   It protects you from poison.
   It renders you almost immune to negative energy.
   It may corrode you when you take damage.
Armour
 a - a +0 robe
 r - a +3 leather armour (worn)
 w - a +0 cloak (worn)
Jewellery
 q - a +3 ring of intelligence (left hand)
 s - a +3 ring of evasion (right hand)
Scrolls
 l - 3 scrolls of remove curse
 m - 5 scrolls of amnesia
 n - a scroll of summoning
Potions
 d - 7 potions of curing
 e - 9 potions of heal wounds
 f - a potion of haste
 g - 5 potions of magic
 h - 5 potions of berserk rage
 k - 2 potions of invisibility
 t - a potion of agility
 u - a potion of mutation
 v - 2 potions of might
Books
 b - a book of Flames

   Spells                             Type                      Level
   a - Flame Tongue                   Conjuration/Fire             1
   b - Throw Flame                    Conjuration/Fire             2
   c - Conjure Flame                  Conjuration/Fire             3
   d - Inner Flame                    Hexes/Fire                   3
   e - Sticky Flame                   Conjuration/Fire             4
   f - Fireball                       Conjuration/Fire             5
Comestibles
 c - 8 bread rations
 o - 28 fruits
 p - 7 meat rations


   Skills:
 + Level 4.2 Fighting
 + Level 5.1 Short Blades
 + Level 4.2 Armour
 + Level 6.9 Dodging
 - Level 2.4 Stealth
 * Level 12.9 Spellcasting
 + Level 7.7 Conjurations
 + Level 8.6 Fire Magic
 + Level 4.7 Ice Magic
 + Level 4.6 Earth Magic


You had 7 spell levels left.
You knew the following spells:

 Your Spells              Type           Power        Failure   Level  Hunger
a - Flame Tongue          Conj/Fire      #####        1%          1    None
b - Throw Flame           Conj/Fire      ######       1%          2    None
c - Conjure Flame         Conj/Fire      ######..     1%          3    None
d - Inner Flame           Hex/Fire       #####...     1%          3    None
e - Sticky Flame          Conj/Fire      ######..     1%          4    None
f - Fireball              Conj/Fire      ######....   1%          5    #......
g - Bolt of Magma         Conj/Fire/Erth ######....   1%          5    #......
h - Throw Frost           Conj/Ice       ######       1%          2    None


Dungeon Overview and Level Annotations

Branches:
Dungeon (1/1)

Altars:
Ashenzari
Cheibriados
Dithmenos
Elyvilon
Fedhas
Gozag
Hepliaklqana
Kikubaaqudgha
Makhleb
Nemelex Xobeh
Okawaru
Qazlal
Ru
Sif Muna
Trog
Uskayaw
Vehumet
Wu Jian
Xom
Yredelemnul
Zin
The Shining One
Beogh
Jiyva
Lugonu


Message History

Unknown command.
Unknown command.
Unknown command.
Casting: Fireball
Confirm with . or Enter, or press ? or * to list all spells.
Okay, then.
Unknown command.
You feel much better. The vampire mosquito misses you.
The vampire knight hits you with a long sword!!
Your corrosive artefact corrodes you!
The vampire knight bites you.
* * * LOW HITPOINT WARNING * * *
The vampire mosquito bites you.
* * * LOW HITPOINT WARNING * * *
The vampire mosquito bites you.
* * * LOW HITPOINT WARNING * * *
The vampire mosquito bites you but does no damage.
The vampire mosquito completely misses you.
The vampire knight hits you with a long sword!!
Ouch! That really hurt!
You die...

))....+................+
#+#####......#..#......#
..#..##................#
..+..#####+#####''######
###+###.......##''#####
..÷..##.......##......#
.....##.......##....###
#+#####...<...##V..##
))...##.......##@y##
)))..##.......##yy#
#######.......##†.#
..#..###########..+
..#)############..#
#.#)#....#..[.##..#
..#+#....#..[[##..#
#.#.+....+..))##...
..#+#....#..))##...


You could see a vampire knight and 3 vampire mosquitoes.

Vanquished Creatures
  A black mamba (D)
  A redback (D)
  A shadow (D)
  A vampire mosquito (D)
  An orc warrior (D)
  A necrophage (D)
  A black bear (D)
  A centaur (D)
  3 wights (D)
  A crimson imp (D)
  An iron imp (D)
  Terence (D)
  A worker ant (D)
  A mummy (D)
  An adder (D)
  An ufetubus (D)
  3 orcs (D)
  A bat (D)
  A bat zombie (D)
  A giant cockroach (D)
  3 jackals (D)
  2 quokkas (D)
  A ball python (D)
  A frilled lizard (D)
  A giant cockroach zombie (D)
32 creatures vanquished.

Notes
Turn   | Place    | Note
-------+----------+-------------------------------------------
     0 | D        | Kidiri the Deep Elf Fire Elementalist began the quest for the Orb.
     0 | D        | Reached XP level 1. HP: 10/10 MP: 6/6
    49 | D        | Found a bloodstained altar of Trog.
    49 | D        | Found a deep blue altar of Sif Muna.
    49 | D        | Found a viscous altar of Jiyva.
    49 | D        | Found a hazy altar of Hepliaklqana.
    49 | D        | Found an opulent altar of Gozag.
    50 | D        | Found a glowing golden altar of the Shining One.
    50 | D        | Found a glowing silver altar of Zin.
    50 | D        | Found a basalt altar of Yredelemnul.
    50 | D        | Found a shimmering altar of Xom.
    50 | D        | Found an ornate altar of the Wu Jian Council.
    50 | D        | Found a sacrificial altar of Ru.
    50 | D        | Found a stormy altar of Qazlal.
    50 | D        | Found an iron altar of Okawaru.
    50 | D        | Found a sparkling altar of Nemelex Xobeh.
    50 | D        | Found a burning altar of Makhleb.
    50 | D        | Found a blossoming altar of Fedhas.
    50 | D        | Found a white marble altar of Elyvilon.
    50 | D        | Found a shadowy altar of Dithmenos.
    50 | D        | Found a snail-covered altar of Cheibriados.
    52 | D        | Found a radiant altar of Vehumet.
    52 | D        | Found a corrupted altar of Lugonu.
    52 | D        | Found a roughly hewn altar of Beogh.
    53 | D        | Found a hide-covered altar of Uskayaw.
    53 | D        | Found an ancient bone altar of Kikubaaqudgha.
    53 | D        | Found a shattered altar of Ashenzari.
    60 | D        | Became a worshipper of Vehumet
    79 | D        | Reached skill level 4 in Spellcasting
    79 | D        | Reached XP level 2. HP: 15/15 MP: 5/9
    83 | D        | Learned a level 2 spell: Throw Flame
   123 | D        | Reached skill level 5 in Spellcasting
   124 | D        | Reached * piety under Vehumet
   124 | D        | Offered knowledge of Sting by Vehumet.
   301 | D        | Reached ** piety under Vehumet
   301 | D        | Offered knowledge of Searing Ray by Vehumet.
   311 | D        | Noticed a black bear
   319 | D        | Reached *** piety under Vehumet
   602 | D        | Killed a black bear
   602 | D        | Offered knowledge of Throw Frost by Vehumet.
   602 | D        | Reached skill level 9 in Spellcasting
   602 | D        | Reached XP level 3. HP: 19/19 MP: 7/15
   602 | D        | Reached XP level 4. HP: 24/24 MP: 7/17
   607 | D        | Learned a level 3 spell: Conjure Flame
   611 | D        | Learned a level 3 spell: Inner Flame
   616 | D        | Learned a level 4 spell: Sticky Flame
   769 | D        | Noticed an orc warrior
   775 | D        | Learned a level 2 spell: Throw Frost
   786 | D        | Offered knowledge of Throw Icicle by Vehumet.
   786 | D        | Reached skill level 1 in Short Blades
   786 | D        | Reached skill level 5 in Conjurations
   786 | D        | Reached XP level 5. HP: 28/28 MP: 6/18
   788 | D        | Noticed Terence
   882 | D        | Learned a level 5 spell: Fireball
   886 | D        | Killed an orc warrior
   886 | D        | Reached **** piety under Vehumet
   886 | D        | Reached skill level 1 in Fighting
   886 | D        | Reached skill level 1 in Armour
   886 | D        | Reached skill level 10 in Spellcasting
   988 | D        | Killed Terence
   988 | D        | Offered knowledge of Bolt of Magma by Vehumet.
   988 | D        | Reached XP level 6. HP: 30/35 MP: 11/21
   995 | D        | Learned a level 5 spell: Bolt of Magma
  1030 | D        | Reached ***** piety under Vehumet
  1055 | D        | Offered knowledge of Force Lance by Vehumet.
  1055 | D        | Reached skill level 1 in Ice Magic
  1055 | D        | Reached skill level 1 in Earth Magic
  1058 | D        | Noticed a redback
  1060 | D        | Killed a redback
  1060 | D        | Reached skill level 5 in Dodging
  1060 | D        | Reached skill level 11 in Spellcasting
  1060 | D        | Reached XP level 7. HP: 41/41 MP: 16/23
  1320 | D        | Noticed a black mamba
  1320 | D        | Noticed a shadow
  1325 | D        | Reached skill level 12 in Spellcasting
  1325 | D        | Killed a black mamba
  1325 | D        | Reached XP level 8. HP: 28/48 MP: 6/26
  1335 | D        | Reached skill level 5 in Short Blades
  1553 | D        | Got the +2 halberd of Kismet {protect, *Corrode rPois rN+++ Int+4}
  1725 | D        | Noticed a vampire knight
  1732 | D        | HP: 1/48 [vampire mosquito (6)]
  1732 | D        | Annihilated by a vampire knight

Vault maps used:
D:        pitsprint

Skill      XL: |  1  2  3  4  5  6  7  8 |
---------------+-------------------------+-----
Spellcasting   | 4 9 10 11 12 | 12.9
Conjurations   | 2 4 5 6 7 |  7.7
Fire Magic     | 4 6 7 8 |  8.6
Short Blades   | 1 2 3 4 5 |  5.1
Fighting       | 2 3 4 |  4.2
Armour         | 2 3 4 |  4.2
Dodging        | 4 5 6 |  6.9
Ice Magic      | 2 4 |  4.7
Earth Magic    | 2 4 |  4.6
Stealth        | |  2.4

Action                   |  1- 3 |  4- 6 |  7- 9 || total
-------------------------+-------+-------+-------++-------
Melee: Dagger            |     1 |     3 |       ||     4
       Halberd           |       |       |     1 ||     1
 Cast: Flame Tongue      |    23 |    13 |       ||    36
       Throw Frost       |       |     5 |       ||     5
       Conjure Flame     |       |     3 |     2 ||     5
       Sticky Flame      |       |     2 |       ||     2
       Throw Flame       |       |     1 |       ||     1
       Bolt of Magma     |       |       |    17 ||    17
       Fireball          |       |       |     1 ||     1
  Use: Scroll            |     1 |       |       ||     1
       Potion            |       |       |     1 ||     1
 Stab: Sleeping          |       |     1 |       ||     1
  Eat: Chunk             |       |       |     2 ||     2
       Fruit             |       |       |    12 ||    12
Armor: Robe              |     5 |     1 |       ||     6
       Leather armour    |       |       |     5 ||     5
Dodge: Dodged            |    18 |     7 |    15 ||    40

Table legend:
 A = Spawn XP
 B = Non-spawn XP
 C = Spawn XP percentage of total XP
 D = Spawn monster count
 E = Non-spawn monster count
 F = Spawn count percentage of total count
 G = Total turns spent on level
                    A         B        C        D         E        F      G
               +---------+---------+-------+---------+---------+-------+---------
         Total |       0 |    1978 |   0.0 |       0 |      32 |   0.0 |  1732
               +---------+---------+-------+---------+---------+-------+---------
             D |       0 |    1978 |   0.0 |       0 |      32 |   0.0 |  1732
               +---------+---------+-------+---------+---------+-------+---------
